AoeStats
← Villain

Runestones

507216204Analyzed
1v1 RM · 16d ago on Sep 17, 2026· 51m 37s· 2 players
Game mode
Random Map
Map size
Tiny (2 player)
Population
200
Speed
Normal
Resources
Standard
Victory
Conquest
Starting age
Dark Age
Ending age
Imperial Age
RankedLock teamsTeams togetherTeam positionsShared explorationLock speedFull tech treeHidden civsTurbo modeCheats
Victory
Defeat
🇭🇰 Byzantines · Hong Kong SAR China
1073
+17
🇲🇳 Gurjaras · Mongolia
1102
-17
Villain
10:24 Feudal Age
8:40 Loom
10:51 Double-Bit Axe
10:47 Horse Collar
21:27 Castle Age
19:29 Man-at-Arms
20:46 Forging
21:30 Long Swordsman
26:25 Town Watch
27:16 Wheelbarrow
30:10 Heavy Plow
30:33 Bloodlines
34:21 Fletching
36:22 Light Cavalry
37:55 Scale Barding Armor
46:10 Gold Mining
49:59 Imperial Age
50:34 Heavy Camel Rider
MOON
7:53 Loom
8:03 Loom
10:05 Feudal Age
11:14 Double-Bit Axe
15:45 Fletching
16:06 Horse Collar
20:07 Wheelbarrow
25:54 Castle Age
24:34 Padded Archer Armor
26:02 Scale Barding Armor
26:08 Forging
26:52 Husbandry
28:35 Bow Saw
28:39 Bodkin Arrow
28:39 Guard Tower
29:41 Murder Holes
32:40 Gold Mining
32:40 Stone Mining
36:15 Chain Barding Armor
36:31 Iron Casting
36:33 Thumb Ring
36:45 Leather Archer Armor
38:46 Hand Cart
38:33 Heavy Plow
39:13 Stone Shaft Mining
39:13 Gold Shaft Mining
44:11 Imperial Age
45:55 Chemistry
45:32 Keep
44:42 Arrowslits
44:56 Heavy Camel Rider
46:55 Bracer
47:27 Ring Archer Armor
50:08 Plate Barding Armor
50:52 Conscription
Connection lost

Rejoining the realm…

Still unreachable

The connection could not be restored.

Session expired

The server has moved on; the page needs a fresh start.